2219 views
Uploaded 2022-11-14 16:25:46
Game version 1.33
16:47 long 1on1 ladder game on (2)Tidehunters
Saved by ZueD
2219 views
Uploaded 2022-11-14 16:25:46
Game version 1.33
16:47 long 1on1 ladder game on (2)Tidehunters

39 units @ 5.5k
/ 0.7k
14 buildings @ 2.3k
/ 0.6k



| Rod of Necromancy | 4 | 600 |
| Potion of Healing | 4 | 600 |
| Potion of Mana | 3 | 600 |
| Orb of Corruption | 1 | 375 |
| total: | 12 | 2175g |
| Acolyte | 17 | 1275 | / | 0 |
| Ghoul | 5 | 600 | / | 0 |
| Crypt Fiend | 14 | 3010 | / | 560 |
| Obsidian Statue | 3 | 600 | / | 105 |
| total: | 39 | 5485g | / | 665w |
| Nerubian Tower | 2 | 200 | / | 40 |
| Spirit Tower | 3 | 435 | / | 120 |
| Graveyard | 1 | 215 | / | 0 |
| Crypt | 1 | 200 | / | 50 |
| Altar of Darkness | 1 | 180 | / | 50 |
| Ziggurat | 7 | 1050 | / | 350 |
| Tomb of Relics | 2 | 260 | / | 60 |
| Necropolis | 1 | 225 | / | 0 |
| Slaughterhouse | 1 | 140 | / | 135 |
| Halls of the Dead | 1 | 320 | / | 210 |
| Black Citadel | 1 | 325 | / | 230 |
| total: | 14 | 2270g | / | 645w |
| 0:04 | Acolyte |
| 0:08 | Graveyard |
| 0:11 | Crypt |
| 0:17 | Acolyte |
| 0:52 | Altar of Darkness |
| 0:57 | Ziggurat |
| 1:12 | Ghoul |
| 1:30 | Crypt Fiend |
| 1:43 | Tomb of Relics |
| 2:06 | Crypt Fiend |
| 2:22 | Ziggurat |
| 2:37 | Nerubian Tower |
| 2:52 | Rod of Necromancy |
| 2:54 | Death Coil |
| 3:14 | Crypt Fiend |
| 3:28 | Crypt Fiend |
| 3:49 | Unholy Aura |
| 4:08 | Ziggurat |
| 4:19 | Crypt Fiend |
| 4:35 | Rod of Necromancy |
| 4:42 | Acolyte |
| 4:46 | Ghoul |
| 5:10 | Halls of the Dead |
| 5:15 | Death Coil |
| 5:26 | Spirit Tower |
| 5:29 | Ghoul |
| 6:08 | Crypt Fiend |
| 6:30 | Crypt Fiend |
| 6:41 | Rod of Necromancy |
| 7:54 | Crypt Fiend |
| 8:03 | Acolyte |
| 8:17 | Acolyte |
| 8:17 | Acolyte |
| 8:32 | Burrow |
| 8:37 | Frost Nova |
| 8:54 | Crypt Fiend |
| 9:01 | Unholy Aura |
| 9:12 | Acolyte |
| 9:25 | Ziggurat |
| 9:26 | Ziggurat |
| 9:44 | Slaughterhouse |
| 9:52 | Necropolis |
| 9:58 | Creature Attack |
| 10:20 | Spirit Tower |
| 10:46 | Ghoul |
| 10:46 | Ghoul |
| 10:59 | Black Citadel |
| 10:59 | Obsidian Statue |
| 11:21 | Potion of Healing |
| 11:21 | Rod of Necromancy |
| 11:22 | Potion of Mana |
| 11:34 | Acolyte |
| 11:34 | Acolyte |
| 11:51 | Acolyte |
| 11:52 | Acolyte |
| 12:07 | Acolyte |
| 12:20 | Tomb of Relics |
| 12:21 | Acolyte |
| 12:42 | Acolyte |
| 12:42 | Acolyte |
| 12:50 | Ziggurat |
| 12:58 | Crypt Fiend |
| 12:59 | Obsidian Statue |
| 13:06 | Frost Armor |
| 13:14 | Ziggurat |
| 13:35 | Orb of Corruption |
| 13:41 | Potion of Mana |
| 13:45 | Nerubian Tower |
| 14:08 | Crypt Fiend |
| 14:09 | Obsidian Statue |
| 14:25 | Crypt Fiend |
| 14:36 | Impale |
| 14:43 | Crypt Fiend |
| 14:48 | Web |
| 15:02 | Spirit Tower |
| 15:09 | Acolyte |
| 15:09 | Acolyte |
| 15:20 | Potion of Healing |
| 15:22 | Frost Nova |
| 15:38 | Death Coil |
| 15:44 | Crypt Fiend |
| 15:57 | Potion of Mana |
| 16:14 | Potion of Healing |
| 16:25 | Potion of Healing |
| Right click | 893 |
| Select | 416 |
| Select group | 203 |
| Build/train/purchase | 105 |
| Assign group | 82 |
| Use ability | 41 |
| Misc. action | 5 |
| Item give/drop | 5 |
| Chat | 4 |
| Remove unit | 3 |
| Minimap ping | 3 |
38 units @ 6.1k
/ 0.8k
19 buildings @ 3.3k
/ 1.2k



| Rod of Necromancy | 3 | 450 |
| Sacrificial Skull | 1 | 50 |
| Orb of Corruption | 1 | 375 |
| Potion of Healing | 1 | 150 |
| Scroll of Healing | 3 | 750 |
| Boots of Speed | 1 | 250 |
| Potion of Lesser Invulnerability | 1 | 150 |
| Scroll of Protection | 1 | 150 |
| total: | 12 | 2325g |
| Acolyte | 8 | 600 | / | 0 |
| Ghoul | 17 | 2040 | / | 0 |
| Crypt Fiend | 7 | 1505 | / | 280 |
| Obsidian Statue | 2 | 400 | / | 70 |
| Frost Wyrm | 4 | 1540 | / | 480 |
| total: | 38 | 6085g | / | 830w |
| Nerubian Tower | 1 | 100 | / | 20 |
| Crypt | 3 | 600 | / | 150 |
| Altar of Darkness | 1 | 180 | / | 50 |
| Ziggurat | 7 | 1050 | / | 350 |
| Tomb of Relics | 1 | 130 | / | 30 |
| Necropolis | 2 | 450 | / | 0 |
| Graveyard | 1 | 215 | / | 0 |
| Slaughterhouse | 2 | 280 | / | 270 |
| Boneyard | 2 | 350 | / | 400 |
| Halls of the Dead | 1 | 320 | / | 210 |
| Black Citadel | 1 | 325 | / | 230 |
| total: | 19 | 3255g | / | 1250w |
| 0:01 | Acolyte |
| 0:05 | Crypt |
| 0:09 | Altar of Darkness |
| 0:22 | Ziggurat |
| 0:30 | Acolyte |
| 0:55 | Tomb of Relics |
| 1:06 | Ghoul |
| 1:14 | Ghoul |
| 1:31 | Ziggurat |
| 1:32 | Ziggurat |
| 1:40 | Ghoul |
| 1:53 | Ghoul |
| 2:09 | Rod of Necromancy |
| 2:11 | Carrion Beetles |
| 2:12 | Sacrificial Skull |
| 2:25 | Ghoul |
| 2:32 | Acolyte |
| 2:46 | Ghoul |
| 2:56 | Ghoul |
| 3:11 | Ziggurat |
| 3:23 | Ghoul |
| 3:30 | Spiked Carapace |
| 3:40 | Ghoul |
| 3:53 | Acolyte |
| 4:07 | Ghoul |
| 4:09 | Nerubian Tower |
| 4:16 | Acolyte |
| 4:37 | Acolyte |
| 4:37 | Acolyte |
| 4:58 | Ghoul |
| 5:15 | Carrion Beetles |
| 5:20 | Halls of the Dead |
| 5:29 | Necropolis |
| 5:39 | Ghoul |
| 5:49 | Ghoul |
| 5:56 | Graveyard |
| 6:29 | Ghoul |
| 6:30 | Crypt |
| 6:32 | Crypt |
| 6:48 | Boots of Speed |
| 7:20 | Crypt Fiend |
| 7:45 | Black Citadel |
| 7:47 | Crypt Fiend |
| 7:57 | Slaughterhouse |
| 7:58 | Slaughterhouse |
| 8:03 | Creature Attack |
| 8:11 | Spiked Carapace |
| 8:31 | Ziggurat |
| 8:32 | Ziggurat |
| 8:35 | Crypt Fiend |
| 8:51 | Death Coil |
| 8:55 | Rod of Necromancy |
| 9:15 | Obsidian Statue |
| 9:18 | Burrow |
| 9:29 | Web |
| 10:07 | Ghoul Frenzy |
| 10:43 | Ghoul |
| 10:44 | Ghoul |
| 10:47 | Unholy Aura |
| 11:18 | Ghoul |
| 11:33 | Boneyard |
| 12:11 | Boneyard |
| 12:36 | Improved Creature Attack |
| 12:49 | Frost Wyrm |
| 12:50 | Crypt Fiend |
| 12:50 | Crypt Fiend |
| 12:54 | Ziggurat |
| 13:11 | Obsidian Statue |
| 13:13 | Creature Carapace |
| 13:17 | Carrion Beetles |
| 13:21 | Orb of Corruption |
| 13:35 | Acolyte |
| 13:50 | Frost Nova |
| 13:54 | Scroll of Healing |
| 13:54 | Potion of Healing |
| 13:56 | Rod of Necromancy |
| 13:59 | Frost Wyrm |
| 14:04 | Unholy Aura |
| 14:13 | Necropolis |
| 14:29 | Potion of Lesser Invulnerability |
| 14:30 | Scroll of Protection |
| 14:31 | Scroll of Healing |
| 14:36 | Scroll of Healing |
| 14:46 | Crypt Fiend |
| 14:49 | Advanced Creature Attack |
| 15:33 | Crypt Fiend |
| 15:46 | Frost Wyrm |
| 16:05 | Frost Wyrm |
| 16:39 | Death Coil |
| Select group | 1308 |
| Right click | 734 |
| Select | 429 |
| Misc. action | 404 |
| Build/train/purchase | 128 |
| Assign group | 84 |
| Use ability | 18 |
| Esc | 1 |
โ